 Dungeon Crawl Stone Soup version 0.29.1-15-g9cfb28693d (webtiles) character file.

Game seed: 14755640301554654123

168 Peloso the Covered (level 5, -2/70 HPs)
             Began as a Minotaur Fighter on Apr 29, 2023.
             Slain by a gnoll
             ... wielding a +0 halberd
             ... led by a gnoll bouda
              (9 damage)
             ... on level 4 of the Dungeon.
             The game lasted 00:05:59 (2503 turns).

Peloso the Covered (Minotaur Fighter)               Turns: 2503, Time: 00:06:00

Health: -2/70      AC: 22    Str: 21    XL:     5   Next: 23%
Magic:  4/4        EV:  2    Int:  5    God:
Gold:   68         SH:  5    Dex: 15    Spells: 4/4 levels left

rFire   . . .      SeeInvis .   c - +0 hand axe of Xom's Castigation {spect, rCorr Dex+4}
rCold   . . .      Faith    .   d - +0 buckler
rNeg    . . .      Spirit   .   (body armour currently unavailable)
rPois   +          Reflect  .   (helmet currently unavailable)
rElec   .          Harm     .   (cloak currently unavailable)
rCorr   +          Rampage  .   (gloves currently unavailable)
Will    .....      Rage     3%  (boots currently unavailable)
Stlth   +......... NoTele   +   n - amulet of regeneration
HPRegen 1.01/turn               s - ring of poison resistance
MPRegen 0.09/turn               (no ring)

@: tree-form (expiring), hasted, very quick
A: stationary, stasis, torment immunity, boosted hp, (horns 2), (retaliatory
headbutt), (hooves 1), berserk 1, sense surroundings 1
a: no special abilities


You were on level 4 of the Dungeon.
You were a tree.
You visited 1 branch of the dungeon, and saw 4 of its levels.

You collected 68 gold pieces.

Inventory:

Hand Weapons
 a - a +0 long sword
 b - a +1 dagger of flaming
 c - the +0 hand axe of Xom's Castigation (weapon) {spect, rCorr Dex+4}
   (You found it on level 3 of the Dungeon)

   When its wielder attacks, the weapon's spirit leaps out and strikes again.
   The spirit shares a part of any damage it takes with its wielder.
   Dex:       It affects your dexterity (+4).
   rCorr:     It protects you from acid and corrosion.
Armour
 d - a +0 buckler (worn)
 r - a +0 scale mail (melded)
Jewellery
 n - an amulet of regeneration (around neck)
 s - a ring of poison resistance (left branch)
Scrolls
 e - 4 scrolls of teleportation {unknown}
 f - a scroll of amnesia
 h - a scroll of vulnerability {unknown}
 i - a scroll of noise {unknown}
 j - a scroll of immolation
 p - a scroll of blinking {unknown}
 q - a scroll of identify {unknown}
Potions
 k - a potion of might
 o - 2 potions of mutation


   Skills:
 + Level 4.4 Fighting
 + Level 4.2 Long Blades
 + Level 0.1 Axes
 + Level 5.1 Armour
 + Level 0.5 Dodging
 + Level 4.1 Shields


You had 4 spell levels left.
You didn't know any spells.
Your spell library was empty.

Dungeon Overview and Level Annotations

Branches:
Dungeon (4/15)
 Temple: D:4-7

Altars:


Innate Abilities, Weirdness & Mutations

You are a tree.
Your roots penetrate the ground, keeping you stationary.
You cannot be teleported.
You are immune to unholy pain and torment.
Your maximum health is greatly increased.
Your equipment is partially melded.
((You have a pair of horns on your head.))
((You reflexively headbutt those who attack you in melee.))
((You have large cloven feet.))
You sometimes lose your temper in combat.
You passively map a small area around you.


Message History

You cannot move.
Unknown command.
You cannot move.
Unknown command.
You cannot move.
Unknown command.
The gnoll hits you but does no damage.
Unknown command.
The gnoll hits you from afar with a +0 halberd.
* * * LOW HITPOINT WARNING * * *
Unknown command.
Unknown command.
The gnoll hits you but does no damage.
Unknown command.
The gnoll barely misses you.
Unknown command.
The gnoll barely misses you.
Unknown command.
Your transformation is almost over.
The gnoll hits you from afar with a +0 halberd.
* * * LOW HITPOINT WARNING * * *
Unknown command.
Unknown command.
The gnoll hits you from afar with a +0 halberd.
* * * LOW HITPOINT WARNING * * *
Unknown command.
You aren't carrying any items that you can evoke.
Unknown command.
The gnoll barely misses you.
Unknown command.
Unknown command.
You block the gnoll's attack.
Unknown command.
You block the gnoll's attack. The gnoll hits you but does no damage.
The gnoll hits you from afar with a +0 halberd!
* * * LOW HITPOINT WARNING * * *
The gnoll hits you but does no damage.
The gnoll hits you from afar with a +0 halberd!
You die...

.##. * * *
.....* , ,
#####g..... **
, #gS.ggB....
*, #g###.)....
*, #g# ..... *
* #g# .##$
#.####.#####.#
,
#...)♣)......#
,
######.#######
#.# , ##.##
### *
##...#..$., *
* ###......#*
, ##........#
#.........# *
*
#..##...#....


You could see 4 gnolls and a ball python.

Vanquished Creatures
  A gnoll bouda (D:4)
  4 gnolls (D:2)
  4 adders
  A worm (D:3)
  A dart slug (D:1)
  A ball python (D:1)
  5 endoplasms
  5 giant cockroaches
  7 goblins
  7 hobgoblins
  2 jackals (D:1)
  2 quokkas (D:1)
  4 bats
  3 frilled lizards
  8 kobolds
  2 rats
57 creatures vanquished.

Notes
Turn   | Place    | Note
-------+----------+-------------------------------------------
     0 | D:1      | Peloso the Minotaur Fighter began the quest for the Orb.
     0 | D:1      | Reached XP level 1. HP: 19/19 MP: 0/0
   290 | D:1      | Reached skill level 4 in Armour
   290 | D:1      | Reached XP level 2. HP: 27/27 MP: 1/1
   991 | D:1      | Found a faded altar of an unknown god.
  1244 | D:2      | Reached XP level 3. HP: 33/33 MP: 2/2
  1362 | D:2      | Reached XP level 4. HP: 18/40 MP: 3/3
  1976 | D:3      | Identified the +0 hand axe of Xom's Castigation {spect,
                  | rCorr Dex+4}
  2261 | D:3      | Reached XP level 5. HP: 47/47 MP: 4/4
  2471 | D:4      | Gained mutation: You have large cloven feet. [potion of
                  | mutation]
  2471 | D:4      | Gained mutation: You passively map a small area around you.
                  | [potion of mutation]
  2471 | D:4      | Gained mutation: You sometimes lose your temper in combat.
                  | [potion of mutation]
  2477 | D:4      | Reached skill level 5 in Armour
  2503 | D:4      | Slain by a gnoll

Illustrated notes

Levels and vault maps discovered:
D:1:      evilmike_arrival_plus, layout_loops_corners,
          dilly_ecumenical_altar_fadedgnrine
D:2:      layout_basic, kennysheep_generic_room_7
D:3:      layout_basic, minmay_stone_trees_small
D:4:      layout_loops_ring, gup_sewer_entry_pipe, serial_shops,
          nicolae_stop_n_shop_1

Skill      XL: |  1  2  3  4  5 |
---------------+----------------+-----
Armour         | 4 5 |  5.1
Fighting       | 4 |  4.4
Long Blades    | 3 4 |  4.2
Shields        | 4 |  4.1
Axes           | |  0.1
Dodging        | |  0.5

Action                   |  1- 3 |  4- 6 || total
-------------------------+-------+-------++-------
Melee: Long sword        |    69 |    39 ||   108
       Headbutt          |     9 |     6 ||    15
       Hand axe          |       |    16 ||    16
  Use: Potion            |     3 |     5 ||     8
       Scroll            |     2 |       ||     2
Armor: Scale mail        |    30 |    32 ||    62
       Skin              |       |     7 ||     7
Dodge: Dodged            |    49 |    30 ||    79
Block: Buckler           |    12 |    21 ||    33
